[Event "41st Zalakaros Festival 2022"]
[Site "Zalakaros"]
[Date "2022.06.08"]
[Round "4.10"]
[White "Trajber, Daniel"]
[Black "Demeter, Dorina"]
[Result "0-1"]
[ECO "C45"]
[WhiteElo "2090"]
[BlackElo "2235"]
[Annotator "TA"]
[PlyCount "56"]
[EventDate "2022.06.05"]
[EventType "swiss"]
[EventCountry "HUN"]
[SourceTitle "playchess.com"]
[Source "ChessBase"]
[SourceQuality "1"]
[TimeControl "40/5400+30:1800+30"]

1. e4 e5 2. Nf3 Nc6 3. d4 exd4 4. Nxd4 Nf6 5. Nxc6 bxc6 6. e5 Qe7 7. Qe2 Nd5 8. h4 (8. c4 $5 Nb6 9. b3 $11) 8... Qe6 {[%emt 0:04:11] C45: Scotch Game.} 9. c4 Nb6 ({Much weaker is} 9... Bb4+ 10. Bd2 Bxd2+ 11. Nxd2 $11) 10. Nc3 a5 (10... Bb4 $15 {is more appropriate.} 11. Bd2 O-O) 11. g3 {[%emt 0:04:45] [#]} (11. Be3 $11) 11... Ba6 (11... Bb4 $1 $17 {White must now prevent ...0-0.} 12. Bd2 O-O) 12. b3 $11 Bb4 13. Bd2 (13. Bb2 $1 $11) 13... O-O $15 14. Bh3 Qe7 {[%emt 0:01:54] [#]} 15. f4 $146 ({White should try} 15. O-O $15) ({Predecessor:} 15. O-O d5 16. Bg5 Qe8 17. Qg4 Bxc3 18. Bf6 g6 19. Qg5 Bxe5 20. Bxe5 f6 21. Bxf6 {0-1 (43) Vivas,F (1951)-Sirosh,I (2405) Chess.com INT 2020}) 15... a4 (15... d5 $19 16. exd6 Qxd6) 16. Ne4 $2 (16. Kf2 $15) 16... axb3 $19 17. Bf5 {[%emt 0:13:34][%cal Of5h7] [#] And now Bxh7+! would win.} Bxd2+ 18. Nxd2 Nxc4 19. axb3 Nxd2 20. Rxa6 (20. Qxd2 Bd3 21. Rxa8 Rxa8 22. Qxd3 Ra1+ 23. Kf2 Rxh1 24. Kg2) 20... Qb4 {[%emt 0:03:39] Threatens to win with ...Ne4+.} ({Don't blunder} 20... Rxa6 $2 21. Qxa6 Qc5 22. Kxd2 $19) 21. Kd1 $2 (21. Qxd2 Qxd2+ 22. Kxd2 Rxa6 23. Kc3) 21... Qxb3+ 22. Kxd2 Qd5+ 23. Ke3 Qxh1 24. Bxd7 Qc1+ 25. Ke4 Rxa6 26. Qxa6 Qe1+ 27. Kf5 g6+ 28. Kf6 Qxg3 {[%emt 0:00:12] Weighted Error Value: White=1.56/Black=0.44} 0-1

[Event "41st Zalakaros Festival 2022"]
[Site "Zalakaros"]
[Date "2022.06.09"]
[Round "5.1"]
[White "Kantor, Gergely"]
[Black "Papp, Levente"]
[Result "1/2-1/2"]
[ECO "C11"]
[WhiteElo "2587"]
[BlackElo "2401"]
[Annotator "TA"]
[PlyCount "70"]
[EventDate "2022.06.05"]
[EventType "swiss"]
[EventCountry "HUN"]
[SourceTitle "playchess.com"]
[Source "ChessBase"]
[SourceQuality "1"]
[TimeControl "40/5400+30:1800+30"]

1. e4 e6 2. d4 d5 3. Nc3 Nf6 4. Bg5 dxe4 5. Nxe4 Be7 6. Nxf6+ gxf6 {[%emt 0:00:59] C13: French: Classical System: 4 Bg5 Be7, Alekhine-Chatard Attack.} (6... Bxf6 $11 {is superior.} 7. Bxf6 Qxf6) 7. Be3 $14 {[%emt 0:14:33] 7.Be3 scores better than 7.Bf4.} Nd7 8. Nf3 c6 {[%emt 0:10:59] White is slightly better.} 9. Bd3 {[%emt 0:02:42] [#]} a6 $146 ({Predecessor:} 9... b6 10. Qe2 Bb7 11. O-O-O Qc7 12. Kb1 O-O-O 13. c4 Nf8 14. c5 Ng6 15. g3 f5 {1-0 (26) Harper,R (2218)-Pecorelli Garcia,H (2400) Paramaribo 2015}) 10. Qe2 b5 11. O-O Bb7 12. c3 c5 13. Bf4 Qb6 (13... cxd4 $11 14. cxd4 Nb6) 14. a4 $16 {[%emt 0:03:00][%cal Ra4b5] White is more active.} c4 15. Be4 f5 16. Bxb7 Qxb7 17. Rfd1 {[%emt 0:00:23][%cal Od4d5] Hoping for d5!} Nf6 (17... Qe4 $16 18. Qxe4 fxe4) 18. Be5 $2 (18. axb5 $18 axb5 19. Rxa8+ Qxa8 20. Qe5) 18... O-O $14 19. h3 Qd5 (19... Nd5 $11 {remains equal.}) 20. Qe3 Ne4 {[%emt 0:01:26] Prevents Qg5+.} 21. Nd2 {[%emt 0:00:38] Black must now prevent Nxe4.} ({But not} 21. Qh6 $6 f6 $11) 21... f6 (21... Bg5 $2 22. Nxe4 $1 Qxe5 23. Qxg5+ $18) 22. Bf4 (22. Bg3 {feels hotter.} Nxg3 23. Qxg3+ Kf7 24. Qh4) 22... Nxd2 23. Rxd2 {[%emt 0:00:53] And now Bh6 would win.} Rfe8 24. Re2 Kf7 25. axb5 axb5 26. Rae1 Ra6 27. Bg3 {[%emt 0:00:15] Black should prevent Qh6.} Rg8 28. Qh6 Rg7 $1 29. Qh5+ Kf8 30. Re3 Rg5 31. Qh6+ ({Worse is} 31. Qxh7 f4 32. Rf3 (32. Qh8+ $2 Kf7 $17) 32... fxg3 33. fxg3 b4 $17) 31... Kg8 {[%emt 0:00:22][%cal Of5f4] Threatens to win with ...f4!} 32. Rf3 Ra2 {[%emt 0:02:02] [#]} (32... Rg6 $1 $11 33. Qh5 Ra2) 33. Qh4 (33. Bh4 $1 $16 Rg6 (33... Rg7 34. Rg3) 34. Rg3 Rxg3 35. Bxg3) 33... b4 (33... Rxb2 $5 34. Qf4 b4 $11) 34. Rfe3 Ra6 35. Kh1 b3 {[%emt 0:00:58] Weighted Error Value: White=0.20 (precise) /Black=0.20 (precise)} 1/2-1/2

[Event "41st Zalakaros Festival 2022"]
[Site "Zalakaros"]
[Date "2022.06.09"]
[Round "5.2"]
[White "Sammed Jaykumar, Shete"]
[Black "Pranav Vijay"]
[Result "0-1"]
[ECO "E10"]
[WhiteElo "2400"]
[BlackElo "2265"]
[Annotator "TA"]
[PlyCount "95"]
[EventDate "2022.06.05"]
[EventType "swiss"]
[EventCountry "HUN"]
[SourceTitle "playchess.com"]
[Source "ChessBase"]
[SourceQuality "1"]
[TimeControl "40/5400+30:1800+30"]

1. d4 Nf6 2. c4 e6 3. Nf3 c5 4. g3 cxd4 5. Nxd4 Nc6 6. Bg2 Bc5 7. Nxc6 {[%emt 0:01:32] A32: Symmetrical English: 2 Nf3 Nf6 3 d4 cxd4 4 Nxd4 e6.} bxc6 8. O-O O-O 9. Qc2 {[%emt 0:01:05] The position is equal.} Be7 {[%emt 0:04:40] [#]} 10. Rd1 $146 ({Predecessor:} 10. e4 e5 11. Nc3 d6 12. b3 Be6 13. Rd1 Nd7 14. Be3 Qc7 15. Rac1 Rab8 16. Qd2 {½-½ (56) Cosma,E (2340)-Hou,Y (2578) Dresden 2008}) 10... Ba6 11. e4 e5 12. b3 Bc5 13. Ba3 Bxa3 14. Nxa3 Qa5 {[%emt 0:00:07] Prevents Qc3.} 15. Nb1 Rad8 16. Nc3 {[%emt 0:00:44] Inhibits d5.} d6 17. Rd3 Bc8 18. Rad1 Bg4 19. R1d2 Ne8 20. Na4 f5 21. Rc3 f4 22. c5 Nc7 $2 (22... f3 $14 23. Bf1 d5) 23. cxd6 $18 Ne6 24. Rcd3 (24. Rxc6 $6 Nd4 25. Rc5 Qb4 $16) 24... Nd4 25. Rxd4 exd4 26. Qc4+ Kh8 (26... Rf7 {is a better defense.} 27. Qxd4 Qh5) 27. Qxd4 Qh5 28. e5 $2 (28. Qxa7 Bf3 29. Bxf3 Qxf3 $16) (28. Nc5 $1 $18) 28... f3 $15 29. Bf1 {[%emt 0:00:06] Hoping for Rd1.} Rfe8 30. Qxa7 {[%emt 0:03:25] d7 is the strong threat.} Qxe5 (30... Qf5 $1 $15) 31. Qd4 $1 $11 Qh5 32. Rd1 Bh3 $1 {[%emt 0:00:07] aiming for ...Bxf1.} 33. Bc4 (33. Qh4 $1 $11 Qxh4 34. gxh4 Bxf1 35. Kxf1) 33... h6 (33... Qh6 $1 $19 {[%cal Od8d6] is more deadly. ( -> ...Rxd6!)} 34. Qc3 Rxd6) 34. Nb6 (34. Nc5 $17 Qe5 35. Qxe5 Rxe5 36. Nb7) 34... Qa5 $19 {[%emt 0:00:39] Really sharp!} 35. Bf1 (35. b4 $2 Qxb4 36. Qa1 Rxd6 $19) 35... Bxf1 36. Rxf1 Qf5 (36... Qxa2 37. d7 Re6 38. Na4 $11) (36... c5 37. Nc4 $17) 37. g4 {[%emt 0:01:04] [#]} (37. d7 {leads to mate.} Qh3) 37... Qg6 $40 {[%emt 0:00:12][%mdl 128] And now ...Re4 would win. Black has strong attack.} 38. Nc4 Re4 39. Ne5 {[%emt 0:00:08] [#]} Qxg4+ ({And not} 39... Rxd4 40. Nxg6+ Kg8 41. Ne5 $17) 40. Nxg4 Rxd4 {[%mdl 4096] Endgame KRR-KRN} 41. Ne5 {[%emt 0:00:51] Threatens to win with Nf7+.} Kg8 {[%emt 0:00:03] Prevents Nf7.} ({Less strong is} 41... R4xd6 42. Nf7+ Kh7 43. Nxd8 Rxd8 44. h3 $14) 42. d7 (42. Nxc6 $142 Rg4+ 43. Kh1 Rxd6 44. Ne5) 42... Re4 43. Nxf3 Rxd7 44. Rc1 Rd2 $4 45. Ne1 $4 (45. Nxd2 $18 {was the only winning move.} Re2 46. Rd1) 45... Rb2 46. a4 (46. Nd3 {was called for.} Rd2 47. Rc3) 46... Rxb3 47. Nd3 $2 (47. a5) 47... Rg4+ 48. Kf1 {Black used his chance.  Weighted Error Value: White=0.60/Black=0.49} 0-1

[Event "41st Zalakaros Festival 2022"]
[Site "Zalakaros"]
[Date "2022.06.09"]
[Round "5.3"]
[White "Okhotnik, Vladimir"]
[Black "Farkas, Gabor"]
[Result "0-1"]
[ECO "B40"]
[WhiteElo "2336"]
[BlackElo "2324"]
[Annotator "TA"]
[PlyCount "68"]
[EventDate "2022.06.05"]
[EventType "swiss"]
[EventCountry "HUN"]
[SourceTitle "playchess.com"]
[Source "ChessBase"]
[SourceQuality "1"]
[TimeControl "40/5400+30:1800+30"]

1. e4 c5 2. Nf3 e6 3. c4 Nc6 4. Nc3 e5 5. a3 d6 6. b4 {[%emt 0:00:07] B40: Sicilian: 2...e6, Unusual lines.} g6 7. Nd5 Bg7 8. d3 {[%emt 0:00:36] The position is equal.} Nf6 9. Be2 {[%emt 0:06:21] [#]} h6 $146 ({Predecessor:} 9... Bg4 10. Qa4 O-O 11. Bg5 Bxf3 12. Bxf3 Nd4 13. Bg4 Kh8 14. O-O h6 15. Bxf6 Bxf6 16. bxc5 dxc5 {1-0 (46) Heimann,A (2435)-Hager,J (2217) Apolda 2009}) 10. bxc5 dxc5 11. h3 O-O 12. Nh2 (12. O-O $142) 12... Nxd5 13. cxd5 Nd4 14. Nf3 f5 15. Nxd4 (15. O-O $11) 15... exd4 $17 16. Bf3 fxe4 17. Bxe4 Bf5 18. O-O Bxe4 {[%emt 0:00:07] Black is more active.} 19. dxe4 Qh4 (19... Qe7 $17 20. Re1 Qf7) 20. f4 $11 g5 21. Rb1 (21. Ra2 $1 $11 {remains equal.}) 21... gxf4 $17 22. Rxb7 {[%emt 0:00:17] [#]} Be5 (22... f3 $1 $17 23. Rxf3 Rxf3 24. Qxf3 Rf8) 23. Qa4 $11 {[%emt 0:04:38] Qd7 would kill now.} Rad8 {[%emt 0:03:00][%cal Of4f3] Prevents Qd7. ...f3! is the strong threat.} 24. Qc6 ({Not} 24. Rxa7 $2 f3 25. Qc6 Rd6 $19) 24... Rf6 {[%emt 0:06:39] Against Qg6+} 25. Qxc5 {[%emt 0:01:08] White wants to mate with Qe7.} (25. d6 $5 Rfxd6 26. Qxc5 $16) 25... Rg6 $1 {[%emt 0:03:09] ( -> ...f3). Really sharp!} 26. Rb3 {[%emt 0:00:51] Threatens to win with Rbf3.} Kh8 27. d6 (27. Qxa7 {gets mated.} Rdg8 28. Rb2 Qxh3 29. Kf2 Rxg2+ 30. Ke1 Qc3+ 31. Bd2 Qxb2) 27... Qg5 {[%emt 0:01:21][%csl Gg6][%cal Rg5g2] [#]} 28. Rf2 {[%emt 0:00:47][%cal Ob3g3] And now Rg3! would win.} Bxd6 29. Qxa7 ({Don't blunder} 29. Qxd4+ $2 Be5 30. Qxe5+ Qxe5 $19) (29. Qc4 $14) 29... Bc5 $40 {[%emt 0:01:07][%mdl 128] White needs to defend precisely.} 30. Qa4 {[%emt 0:07:00][%mdl 8192] This move loses the game for White.} (30. Qf7 $11 d3 31. Bb2+ Rg7 32. Bxg7+ Qxg7 33. Qxg7+ Kxg7 34. Rb1) 30... d3 $19 31. Bb2+ Kg8 {[%emt 0:00:48][%csl Gg6][%cal Rg5g2] Black mates.} 32. Qc4+ Kf8 33. g4 Bxf2+ 34. Kxf2 Qh4+ {[%emt 0:00:19] Weighted Error Value: White=0.50/Black=0.16 (very precise)} 0-1

[Event "41st Zalakaros Festival 2022"]
[Site "Zalakaros"]
[Date "2022.06.09"]
[Round "5.4"]
[White "Borsos, Bogdan"]
[Black "Horvath, Adam"]
[Result "0-1"]
[ECO "A46"]
[WhiteElo "2200"]
[BlackElo "2513"]
[Annotator "TA"]
[PlyCount "76"]
[EventDate "2022.06.05"]
[EventType "swiss"]
[EventCountry "HUN"]
[SourceTitle "playchess.com"]
[Source "ChessBase"]
[SourceQuality "1"]
[TimeControl "40/5400+30:1800+30"]

1. d4 Nf6 2. Nf3 e6 3. g3 b5 4. a4 b4 5. Bg2 Bb7 6. Nbd2 {[%emt 0:02:51] A46: 1 d4 Nf6 2 Nf3 e6: Torre, London and Colle Systems.} c5 7. dxc5 Bxc5 8. O-O {[%emt 0:09:22][%cal Oe2e4] Black is slightly better.} O-O 9. a5 Na6 10. Nb3 Be7 $1 11. Be3 {[%emt 0:05:39] [#]} Be4 $146 ({Predecessor:} 11... d6 12. Nfd4 Qc8 13. Bh3 Qc4 14. Qd3 Qd5 15. Nf3 Qh5 16. Bg2 Ng4 17. h3 Nxe3 18. Qxe3 {0-1 (42) Martinez Reyes,P (2337)-Fridman,D (2637) Chess.com INT 2015}) 12. Bd4 d6 (12... Qc7 $5 13. Qd2 d6 $15) 13. Nbd2 Bc6 14. b3 e5 15. Bb2 Qc7 16. Re1 Nc5 17. Nc4 Nce4 18. Ne3 Rfe8 19. Nd2 Nc3 $36 {[%emt 0:02:55][%mdl 2048] Black is really pushing.} 20. Bxc3 bxc3 21. Ndf1 (21. Ndc4 $142) 21... Bxg2 $17 22. Kxg2 Qc6+ 23. f3 d5 {[%emt 0:00:33] Inhibits Nc4. 0x0.00207b120962dp-1022s more active pieces. The white rooks are badly placed.} 24. Nf5 Bf8 25. Ra4 (25. e4 $142) 25... g6 $19 26. Nh4 Bh6 27. e3 Rad8 28. Qe2 Bg5 ({Better is} 28... Bf8 $19 29. Rd1 d4) 29. Kf2 d4 (29... Nd7 $19 30. Kg1 Nc5) 30. e4 $2 {[%emt 0:00:36][%mdl 8192] Loses the game.} (30. Ng2 $17 {is tougher.}) 30... Bxh4 ({Stronger than} 30... d3 31. cxd3 Bxh4 32. Rc4 $19) 31. gxh4 Nh5 {[%emt 0:00:04] [#] aiming for ...Nf4.} 32. Kg1 Nf4 33. Qc4 Qf6 {[%emt 0:00:04] Threatens to win with ...d3.} 34. Ng3 Qxh4 35. Rb4 Rc8 36. Qa6 d3 37. cxd3 Qh3 38. Re2 c2 {[%emt 0:01:10] Weighted Error Value: White=0.99/Black=0.15 (very precise)} 0-1

[Event "41st Zalakaros Festival 2022"]
[Site "Zalakaros"]
[Date "2022.06.09"]
[Round "5.5"]
[White "Csonka, Balazs"]
[Black "Hrbolka, Ladislav"]
[Result "1-0"]
[ECO "B96"]
[WhiteElo "2498"]
[BlackElo "2193"]
[Annotator "TA"]
[PlyCount "41"]
[EventDate "2022.06.05"]
[EventType "swiss"]
[EventCountry "HUN"]
[SourceTitle "playchess.com"]
[Source "ChessBase"]
[SourceQuality "1"]
[TimeControl "40/5400+30:1800+30"]

1. e4 c5 2. Nf3 d6 3. d4 cxd4 4. Nxd4 Nf6 5. Nc3 a6 6. Bg5 e6 7. f4 b5 8. e5 dxe5 9. fxe5 Qc7 10. exf6 Qe5+ 11. Be2 Qxg5 12. O-O {[%emt 0:00:10] The main line 12.0-0 scores better than 12.Qd3.} Ra7 13. Qd3 Rd7 {[%emt 0:04:02][%cal Od7d4] And now ...Rxd4! would win.} 14. Ne4 {[%emt 0:00:12] B96: Sicilian Najdorf: 6 Bg5 e6 7 f4, lines other than 7...Qb6 and 7...Be7.} Qe5 15. Nf3 {[%emt 0:00:13][%cal Bd4f3,Bf3g5,Bg5f7,Bf7e5][%mdl 32] 0x0.001e62acd497dp-1022s more active pieces. The black rooks are badly placed.} Qxb2 16. Qe3 {[%emt 0:02:35] White is slightly better.} Bb7 (16... gxf6 $2 17. Rab1 Qa3 18. Nxf6+ Kd8 19. Qb6+ Ke7 20. Ne5 $18) (16... Qxc2 $2 17. Rac1 Qc6 18. Rxc6 Nxc6 19. Qc3 $18) 17. Rab1 $1 Qxc2 {[%emt 0:07:26] [#]} 18. Nfg5 {[%emt 0:07:13] Hoping for Rbc1.} h6 $2 {[%emt 0:13:07][%mdl 8192] [#]} (18... Qc7 $16) 19. Rbc1 $1 $18 {[%emt 0:03:02] White is clearly winning.} Qxa2 {[%emt 0:24:25] [#]} 20. Nxf7 {[%emt 0:05:07][%mdl 512] [#] Threatening mate with fxg7. Pair of Knights!} Rg8 $146 (20... Qd5 21. Nxh8) ({Predecessor:} 20... Rxf7 21. Bh5 g6 22. Bxg6 Nd7 23. Qa7 Bc5+ 24. Rxc5 Nxc5 25. Qxc5 {1-0 (25) Van Delft,M (2364)-Rietveld,R (2238) Dieren 2010}) 21. Ne5 {[%emt 0:03:37] Black did not feel at home in the position after the opening.  Weighted Error Value: White=0.00 (flawless) /Black=0.92} 1-0

[Event "41st Zalakaros Festival 2022"]
[Site "Zalakaros"]
[Date "2022.06.09"]
[Round "5.6"]
[White "Nemeth, Zalan"]
[Black "Peczely, Sebastian Zsombor"]
[Result "0-1"]
[ECO "A15"]
[WhiteElo "2177"]
[BlackElo "2313"]
[Annotator "TA"]
[PlyCount "94"]
[EventDate "2022.06.05"]
[EventType "swiss"]
[EventCountry "HUN"]
[SourceTitle "playchess.com"]
[Source "ChessBase"]
[SourceQuality "1"]
[TimeControl "40/5400+30:1800+30"]

1. c4 Nf6 2. g3 c6 3. Bg2 d5 4. Nf3 Bf5 5. Qb3 Qb6 6. cxd5 {[%emt 0:04:35] A11: English Opening: 1...c6.} (6. d3 {keeps more tension.} Qxb3 7. axb3 e6 8. Be3) 6... Qxb3 7. axb3 Bxb1 {[%emt 0:00:17] [#]} (7... cxd5 $11 8. d3 Nc6) 8. dxc6 $1 $16 {[%emt 0:00:12] White is better.} ({Of course not} 8. Rxb1 $6 cxd5 9. O-O e6 $11) 8... Nxc6 {[%emt 0:01:38] Hoping for ...Be4.} 9. Rxb1 e6 {[%emt 0:00:24] [#]} 10. O-O $146 ({Predecessor:} 10. d3 Bc5 11. Bd2 Ke7 12. e3 Rhc8 13. Ke2 h6 14. Rhc1 Bd6 15. Rc4 Nd5 16. Ne1 {1-0 (42) Danner,L (2013)-Thynne,T (1907) Rhodes 2019}) 10... Be7 11. d3 O-O 12. Bd2 Rfd8 13. Rfc1 h6 14. Rc4 a5 15. Rxc6 bxc6 $11 16. Ne5 Bd6 17. Nxc6 Rdc8 18. Nxa5 Rab8 19. Bc3 Nd5 20. Bd4 Rc2 (20... Bb4 $11 21. Nc4 Bc5 22. Bxc5 Rxc5) 21. e4 (21. Nc4 $16 Be7 22. Kf1) 21... Nb4 {[%emt 0:04:06] And now ...Bc5 would win.} 22. Nc4 Be7 23. Bf3 (23. Bf1 $11 {remains equal.}) 23... Nxd3 $17 {[%emt 0:02:25] Black converts the advantage convincingly.} 24. Bd1 Rc1 {[%emt 0:00:07] Black is more active.} 25. Rxc1 Nxc1 26. Na5 Rb5 27. Bc3 (27. Nc6 $17 Bc5 28. Bc3) 27... Bb4 $19 28. Nc4 {[%emt 0:05:58] [#]} Bxc3 $1 29. bxc3 Nxb3 {[%emt 0:00:10][%mdl 4096] Endgame KRN-KBN} 30. Kg2 Nc5 31. Kf3 (31. Bc2 {is a better defense.}) 31... Rb1 32. Bc2 Rc1 33. Ne3 g5 34. e5 Kg7 35. c4 h5 36. Bd1 Nd3 37. Be2 (37. Kg2 $142) 37... Nxe5+ 38. Ke4 Nd7 39. Kd4 Kg6 40. f4 g4 {[%emt 0:00:00] Inhibits Bf3.} 41. f5+ $2 (41. Bf1) 41... Kf6 {[%emt 0:02:25] Black is clearly winning.} 42. fxe6 fxe6 43. Nd1 e5+ 44. Ke3 Nc5 45. Nf2 Rc3+ 46. Kd2 Ra3 {[%emt 0:00:04] Strongly threatening ...e4.} 47. Bd1 e4 {[%emt 0:00:52] Weighted Error Value: White=0.48/Black=0.16 (very precise)} 0-1

[Event "41st Zalakaros Festival 2022"]
[Site "Zalakaros"]
[Date "2022.06.09"]
[Round "5.7"]
[White "Metaxasz, Vaszilisz"]
[Black "Leszko, Bence"]
[Result "0-1"]
[ECO "A10"]
[WhiteElo "1973"]
[BlackElo "2248"]
[Annotator "TA"]
[PlyCount "52"]
[EventDate "2022.06.05"]
[EventType "swiss"]
[EventCountry "HUN"]
[SourceTitle "playchess.com"]
[Source "ChessBase"]
[SourceQuality "1"]
[TimeControl "40/5400+30:1800+30"]

1. c4 b6 2. Nc3 Bb7 3. e4 e5 4. Nf3 Nc6 5. d3 Bc5 {[%emt 0:00:38] [#]} 6. Nd5 $146 {[%emt 0:05:15] A10: English Opening: Unusual Replies for Black.} ({Predecessor:} 6. Be2 Nge7 7. a3 a5 8. Rb1 d6 9. O-O O-O 10. Nd5 Nd4 11. b4 axb4 12. axb4 Nxf3+ 13. Bxf3 {½-½ (93) Rakhmanov,A (2629)-Predke,A (2622) St Petersburg 2018}) 6... d6 7. Rb1 a5 {[%emt 0:01:41] Inhibits b4.} 8. Be2 {[%emt 0:06:31] The position is equal.} Nge7 9. Be3 O-O 10. O-O f5 11. exf5 (11. a3 $11) 11... Nxf5 $15 12. Bg5 Qd7 13. Nh4 Ncd4 14. Bg4 Bxd5 15. Nxf5 (15. cxd5 $15 Qf7 16. Nxf5 Nxf5 17. a3) 15... Be6 $17 {[%emt 0:04:51] Black is more active.} ({Resist} 15... Rxf5 16. cxd5 Qf7 17. Bxf5 Nxf5 18. Qf3 $16) 16. Ne7+ (16. Ne3 $17) 16... Kh8 $19 17. Bxe6 Nxe6 ({Weaker is} 17... Qxe6 18. Nd5 $17) 18. Qh5 {[%emt 0:00:53] [#]} Qe8 {[%emt 0:00:07] Inhibits Ng6+.} 19. Qg4 Nxg5 20. Qxg5 Qd8 {[%emt 0:01:36] Strongly threatening ...Rf7.} 21. Qh4 $2 {[%emt 0:03:14] [#]} (21. h4) 21... g5 $1 22. Qxg5 Rf7 23. Ng6+ hxg6 24. Qh6+ (24. Qxg6 $142 Qe7 25. g3) 24... Rh7 {[%emt 0:00:33] Black is clearly winning.} 25. Qxg6 Qh4 26. h3 Rg8 {[%emt 0:00:17] Weighted Error Value: White=0.48/Black=0.05 (flawless)} 0-1

[Event "41st Zalakaros Festival 2022"]
[Site "Zalakaros"]
[Date "2022.06.09"]
[Round "5.8"]
[White "Demeter, Dorina"]
[Black "Forgacs, Attila Jr."]
[Result "0-1"]
[ECO "A05"]
[WhiteElo "2235"]
[BlackElo "2234"]
[Annotator "TA"]
[PlyCount "74"]
[EventDate "2022.06.05"]
[EventType "swiss"]
[EventCountry "HUN"]
[SourceTitle "playchess.com"]
[Source "ChessBase"]
[SourceQuality "1"]
[TimeControl "40/5400+30:1800+30"]

1. Nf3 Nf6 2. c4 g6 3. Nc3 Bg7 4. e4 d6 5. d4 O-O 6. h3 Nbd7 7. Be3 e5 8. d5 Nc5 9. Nd2 a5 10. g4 c6 $1 {[%emt 0:00:20] 10...c6 scores better than 10...Ne8.} 11. Be2 Bd7 12. g5 {[%emt 0:03:26] E92: King's Indian: Classical: 6 Be2 e5: 7 dxe5, 7 Be3 and Petrosian System without 7...Nbd7.} Ne8 13. h4 cxd5 {[%emt 0:00:24] is the legacy move (13...f5).} 14. cxd5 {[%emt 0:01:30] White is slightly better.} f6 {[%emt 0:00:17] [#]} 15. f3 $146 ({Predecessor:} 15. a4 fxg5 16. hxg5 Rc8 17. Nb3 b6 18. Bb5 Nc7 19. Bxd7 Qxd7 20. Bxc5 dxc5 21. Qe2 {0-1 (49) Firouzja,A (2728)-Vachier Lagrave,M (2778) Chess.com INT 2020}) 15... Rc8 16. Rc1 (16. Nb3 $14) 16... fxg5 $11 17. hxg5 Rf4 18. Bxf4 (18. Nb3 $14) 18... exf4 19. e5 (19. Kf1 $11) 19... Bxe5 $17 20. Nde4 {[%emt 0:05:09] [#]} Bxc3+ (20... b6 $1 $17 21. Qd2 Ng7) 21. Rxc3 $15 {[%emt 0:07:47] aiming for Qc1.} Nxe4 22. Rxc8 Bxc8 23. fxe4 {[%emt 0:00:06] Threatens to win with Qc1.} Qxg5 {[%emt 0:00:20] Hoping for ...Qg3+.} 24. Qd4 Nf6 25. Rg1 ({White should play} 25. Bf3 $15) 25... Bg4 $17 26. e5 (26. Bxg4 $17 {was worth a try.} Nxg4 27. Qc3 Qh4+ 28. Kd1 Ne3+ 29. Kc1) 26... dxe5 $19 {[%emt 0:02:42] Dancing on a razor blade.} 27. Qc4 {[%emt 0:01:44] Loses the game.} (27. Bxg4 $17 {was the crucial defense.} Nxg4 28. Qa7 Qh4+ 29. Kd1) 27... Qh4+ 28. Kd2 {[%emt 0:02:05][%cal Og1g4] [#] Rxg4! is the strong threat.} Bxe2 ({Inferior is} 28... Qf2 29. Rxg4 f3 30. Rh4 $11 (30. d6+ Kg7 $17)) 29. Qxe2 {[%emt 0:04:03][%mdl 4096] Endgame KQR-KQN} f3 30. Qxe5 Qf2+ 31. Kd3 Qxg1 32. Qxf6 {[%emt 0:02:52] KQ-KQ} Qd1+ 33. Kc4 Qe2+ 34. Kc3 f2 {[%emt 0:00:44] Black mates.} 35. Qd8+ Kf7 36. Qc7+ Qe7 37. d6 Qxc7+ {[%emt 0:00:13] Weighted Error Value: White=1.12/Black=0.12 (very precise)} 0-1